 Dungeon Crawl Stone Soup version 0.22-a0-192-g6ffc940 (webtiles) character file.

470 b5mith the Skirmisher (level 7, -1/57 HPs)
             Began as a Barachi Berserker on Feb 16, 2018.
             Was a Priest of Trog.
             Killed by divine providence
             ... invoked by an orc priest
              (10 damage)
             ... on level 4 of the Dungeon.
             The game lasted 00:11:04 (3168 turns).

b5mith the Skirmisher (Barachi Berserker)           Turns: 3168, Time: 00:11:04

Health: -1/57      AC:  3    Str: 20    XL:     7   Next: 9%
Magic:  0/7        EV: 13    Int:  8    God:    Trog [***...]
Gold:   67         SH:  0    Dex: 11    Spells: 6/6 levels left

rFire    . . .     SeeInvis +   r - +0 trident
rCold    . . .     Gourm    .   (no shield)
rNeg     . . .     Faith    .   b - +0 animal skin
rPois    +         Spirit   +   (no helmet)
rElec    .         Reflect  .   (no cloak)
rCorr    .         Harm     .   (no gloves)
MR       .....                  h - +0 pair of boots
Stlth    +.........             t - amulet of guardian spirit
HPRegen  0.19/turn              i - ring of poison resistance
MPRegen  0.10/turn              v - ring of see invisible

@: berserk cooldown, slowed, very slow
A: +LOS, swims, slowness 1, strong legs 1
a: Hop, Berserk, Trog's Hand, Burn Spellbooks, Renounce Religion


You were on level 4 of the Dungeon.
You worshipped Trog.
Trog was most pleased with you.
You were not hungry.

You visited 1 branch of the dungeon, and saw 4 of its levels.

You collected 67 gold pieces.

Inventory:

Hand Weapons
 a - a +0 spear
 o - a +2 flail of crushing
 r - a +0 trident (weapon)
Missiles
 s - 3 tomahawks (quivered)
Armour
 b - a +0 animal skin (worn)
 h - a +0 pair of boots (worn)
Jewellery
 i - a ring of poison resistance (left hand)
 l - an uncursed ring of wizardry
 t - an amulet of guardian spirit (around neck)
 v - a ring of see invisible (right hand)
Scrolls
 f - 2 scrolls of identify {@r1}
 g - a scroll of blinking {unknown}
 j - 6 scrolls of amnesia {unknown}
 k - 2 scrolls of teleportation {unknown}
 n - a scroll of noise {unknown}
 q - a scroll of magic mapping {unknown}
Potions
 d - 2 potions of mutation {unknown}
 e - a potion of flight
 m - a potion of haste
 p - a potion of lignification {unknown}
 u - a potion of berserk rage {unknown}
Comestibles
 c - 5 rations


   Skills:
 + Level 5.7 Fighting
 + Level 4.5 Polearms
 + Level 4.9 Armour
 + Level 4.4 Dodging


You had 6 spell levels left.
You didn't know any spells.

Dungeon Overview and Level Annotations

Branches:
Dungeon (4/15)
 Temple: D:4-7

Altars:
Dithmenos
Qazlal

Shops:
D:4 :


Innate Abilities, Weirdness & Mutations

Shadows flee at your approach. (+LOS)
You can swim through water.
You cover ground slowly.
You can hop short distances.


Message History

The orc wizard barely misses you. The orc closely misses you.
You miss the orc wizard.
The orc wizard is almost dead.
The orc wizard points at you and mumbles some strange words.
The magic dart hits you!
* * * LOW HITPOINT WARNING * * *
The orc hits you from afar with a trident.
* * * LOW HITPOINT WARNING * * *
The orc wizard hits you but does no damage.
The orc wizard gestures at you while chanting.
The puff of frost hits you!
* * * LOW HITPOINT WARNING * * *
The orc wizard gestures wildly while chanting.
The orc wizard seems to speed up.
The orc wizard points at you and mumbles some strange words.
The magic dart hits you!
* * * LOW HITPOINT WARNING * * *
The orc priest mumbles some strange prayers to Beogh against you.
Beogh smites you!
You die...

# # . . .#.####
.#.... ###......
#########....#
#.@.o.o.o....# #
#.#######.##.# #
#.##.......# #
#.##.##############
#.##.# #..........
#.##.# #.#########
#.##.####.#######..
#.##...W......)[..#
#.#######)....####.


You could see an orc priest, an orc wizard and an orc.

Vanquished Creatures
  The ghost of smazza the Chiller, an amateur MfIE of Makhleb (D:4)
  A hound (D:4)
  2 worker ants
  2 orc wizards (D:4)
  4 adders (D:2)
  An ooze (D:1)
  A worm (D:3)
  4 dart slugs
  3 leopard geckos
  10 orcs
  3 ball pythons
  5 giant cockroaches
  6 goblins
  8 hobgoblins
  4 jackals (D:1)
  11 bats
  2 frilled lizards
  11 kobolds
  8 rats
87 creatures vanquished.

Notes
Turn   | Place    | Note
-------+----------+-------------------------------------------
     0 | D:1      | b5mith the Barachi Berserker began the quest for the Orb.
     0 | D:1      | Reached XP level 1. HP: 18/18 MP: 1/1
    91 | D:1      | Reached XP level 2. HP: 15/25 MP: 2/2
   431 | D:1      | Reached skill level 4 in Fighting
   545 | D:1      | Reached XP level 3. HP: 29/30 MP: 3/3
   585 | D:1      | Reached ** piety under Trog
   915 | D:2      | Reached XP level 4. HP: 23/38 MP: 4/4
  1191 | D:2      | Noticed a fire elemental
  1195 | D:2      | Found a stormy altar of Qazlal.
  1195 | D:2      | Noticed a water elemental
  1196 | D:2      | Noticed an earth elemental
  1196 | D:2      | Noticed an air elemental
  1582 | D:3      | Reached XP level 5. HP: 7/43 MP: 5/5
  2789 | D:4      | Found a shadowy altar of Dithmenos.
  2807 | D:4      | Found Deiwy's Book Shoppe.
  2855 | D:4      | Reached *** piety under Trog
  2879 | D:4      | Reached skill level 5 in Fighting
  2908 | D:4      | Reached XP level 6. HP: 12/51 MP: 1/6
  3093 | D:4      | Noticed smazza's ghost (amateur MfIE)
  3153 | D:4      | Killed smazza's ghost
  3153 | D:4      | Reached XP level 7. HP: 57/57 MP: 5/7
  3168 | D:4      | Killed from afar by an orc priest

Vault maps used:
D:1:      ncdulo_wetmaze
D:2:      nicolae_qazlal_style_of_elements
D:4:      grunt_dithmenos_smoke, yredelemnul_forgotten_temple_becter,
          serial_shops, nicolae_shop_statue_plus, first_ration

Skill      XL: |  1  2  3  4  5  6 |
---------------+-------------------+-----
Fighting       | 4 5 |  5.7
Armour         | 3 4 |  4.9
Dodging        | 3 4 |  4.4
Polearms       | 4 |  4.5

Action                   |  1- 3 |  4- 6 |  7- 9 || total
-------------------------+-------+-------+-------++-------
Melee: Spear             |   128 |   142 |       ||   270
       Trident           |       |    75 |     7 ||    82
Invok: Berserk           |       |     2 |       ||     2
  Use: Scroll            |     1 |     1 |       ||     2
       Potion            |       |     1 |       ||     1
 Stab: Sleeping          |       |     3 |       ||     3
  Eat: Chunk             |     1 |     2 |       ||     3
       Ration            |       |     3 |       ||     3
Armor: Animal skin       |    22 |    34 |     4 ||    60
Dodge: Dodged            |    89 |    96 |    10 ||   195

Table legend:
 A = Spawn XP
 B = Non-spawn XP
 C = Spawn XP percentage of total XP
 D = Spawn monster count
 E = Non-spawn monster count
 F = Spawn count percentage of total count
 G = Total turns spent on level
                    A         B        C        D         E        F      G
               +---------+---------+-------+---------+---------+-------+---------
         Total |       0 |     672 |   0.0 |       0 |      87 |   0.0 |  3168
               +---------+---------+-------+---------+---------+-------+---------
           D:1 |       0 |      53 |   0.0 |       0 |      25 |   0.0 |   802
           D:2 |       0 |      84 |   0.0 |       0 |      21 |   0.0 |   663
           D:3 |       0 |      96 |   0.0 |       0 |      31 |   0.0 |  1324
           D:4 |       0 |     439 |   0.0 |       0 |      10 |   0.0 |   379
               +---------+---------+-------+---------+---------+-------+---------
